 Dungeon Crawl Stone Soup version 0.29-a0-243-g602b31c20e (webtiles) character file.

Game seed: 15502919160050569109

1753 Hubjo the Covert (level 8, -7/93 HPs)
             Began as a Vampire Enchanter on Mar 4, 2022.
             Was an Initiate of Nemelex Xobeh.
             Hit by a javelin thrown by a merfolk javelineer (12 damage)
             ... created by the fury of Okawaru
             ... on level 5 of the Dungeon.
             The game lasted 00:15:37 (11102 turns).

Hubjo the Covert (Vampire Enchanter)               Turns: 11102, Time: 00:15:38

Health: -7/93      AC:  8    Str:  5    XL:     8   Next: 78%
Magic:  11/11      EV: 14    Int: 20    God:    Nemelex Xobeh [......]
Gold:   256        SH:  0    Dex: 16    Spells: 6/11 levels left

rFire   + . .      SeeInvis +   a - +1 dagger (elec)
rCold   x . .      Faith    .   (no shield)
rNeg    . . .      Spirit   .   d - +2 robe "Seicel" {rCorr Str-2 Int+2 Slay+2}
rPois   .          Reflect  .   k - +0 helmet
rElec   .          Harm     .   f - +2 cloak
rCorr   +          Rampage  .   (no gloves)
Will    .....                   (no boots)
Stlth   ..........              (no amulet)
HPRegen 0.45/turn               i - ring of fire
MPRegen 0.12/turn               (no ring)

@: berserking, healing quickly, very quick
A: alive, fangs 3, see invisible, vampiric 2
a: Exsanguinate, Renounce Religion, Draw Escape, Draw Destruction, Draw
Summoning


You were on level 5 of the Dungeon.
You worshipped Nemelex Xobeh.
Nemelex Xobeh was noncommittal.
You visited 2 branches of the dungeon, and saw 6 of its levels.

You collected 256 gold pieces.

Inventory:

Hand Weapons
 a - a +1 dagger of electrocution (weapon)
 m - a +3 quarterstaff of chaos
 o - a +2 vorpal hand axe
 w - a +2 shortbow of freezing
Armour
 b - a +1 robe
 d - the +2 robe "Seicel" (worn) {rCorr Str-2 Int+2 Slay+2}
   (You found it on level 2 of the Dungeon)

   Str:       It affects your strength (-2).
   Int:       It affects your intelligence (+2).
   Slay:      It affects your accuracy & damage with ranged weapons and melee
   (+2).
   rCorr:     It protects you from acid and corrosion.
 f - a +2 cloak (worn)
 k - a +0 helmet (worn)
 p - a scarf of harm
Jewellery
 i - a ring of fire (left hand)
 s - a ring of flight
Wands
 r - a wand of digging (5)
Scrolls
 e - 5 scrolls of vulnerability
 h - 2 scrolls of noise
 j - a scroll of holy word
Potions
 c - a potion of cancellation


   Skills:
 * Level 5.3 Fighting
 + Level 4.6 Short Blades
 + Level 5.2 Dodging
 * Level 10.5 Stealth
 - Level 2.0 Spellcasting
 + Level 7.4 Hexes


You had 6 spell levels left.
You knew the following spells:

 Your Spells              Type           Power      Damage    Failure   Level
a - Dazzling Flash        Conj/Hex       32%        N/A       11%         3
b - Ensorcelled Hibernat  Hex/Ice        32%        N/A       5%          2

Your spell library contained the following spells:

 Spells                   Type           Power      Damage    Failure   Level
 Confusing Touch          Hex            31%        N/A       2%          3
 Tukima's Dance           Hex            31%        N/A       2%          3


Dungeon Overview and Level Annotations

Branches:
Dungeon (5/15)             Temple (1/1) D:4

Altars:
Ashenzari
Dithmenos
Fedhas
Gozag
Hepliaklqana
Kikubaaqudgha
Makhleb
Nemelex Xobeh
Okawaru
Ru
Trog
Vehumet
Wu Jian
Xom
Yredelemnul
Zin

Shops:
D:1 ?

Annotations:
D:5 Blork the orc


Innate Abilities, Weirdness & Mutations

Your natural rate of healing is accelerated.
You have razor-sharp teeth.
You have supernaturally acute eyesight. (SInv)
You are afflicted with vampirism and can become a bat while bloodless.


Message History

The wyvern skeleton bites you.
* * * LOW HITPOINT WARNING * * *
You hit the wyvern skeleton.
Lightning courses through the wyvern skeleton!
You bite the wyvern skeleton.
The wyvern skeleton is almost destroyed.
The wyvern skeleton barely misses you.
You hit the wyvern skeleton.
The wyvern skeleton is almost destroyed.
The wyvern skeleton barely misses you.
You hit the wyvern skeleton.
You destroy the wyvern skeleton!
You start resting.
Magic restored.
You start resting.
HP restored.
You start waiting.
Done waiting.
Okawaru sends forces against you!
A merfolk javelineer, 2 merfolk and a cyclops come into view.
The merfolk javelineer is wielding a +3 spear of venom.
You hit the cyclops but do no damage.
A red film seems to cover your vision as you go berserk!
You feel yourself moving faster!
You feel mighty!
The merfolk hits you from afar with a +0 trident!!
The merfolk hits you with a +0 trident!
The merfolk javelineer throws a javelin.
The javelin pierces through you!!
You closely miss the merfolk. The cyclops hits you!!
* * * LOW HITPOINT WARNING * * *
Okay, then.
You are too berserk!
You puncture the merfolk!
The merfolk is lightly wounded.
You miss the merfolk. Your bite misses the merfolk.
The merfolk is lightly wounded.
The merfolk javelineer throws a javelin.
The javelin pierces through you!
You die...
Your body disappears without a glow.

#### #.. ## #.# .#
###.### .#
......########## .#
)...#.#...... .. .#
........# #m .#
#####.###
#m##########.######
# #.#
#C@m..............#
# #.#
###########.#####.#
# #.# #..# # ###.#
###### #.## #
#|#####....# #.#
###+#...O.##.# #.#
##..#...#.##.# #.#
#..'.J.#.)..#
####.#
###########'##
#Zoc.#


You could see a merfolk javelineer, 2 merfolk and a cyclops.

Vanquished Creatures
  Sigmund (D:2)
  An ice beast (D:5)
  3 black bears (D:5)
  A sky beast (D:5)
  A centaur (D:5)
  An ogre (D:5)
  A kobold brigand (D:3)
  A necrophage (D:4)
  A wyvern skeleton (D:5)
  2 scorpions
  A howler monkey (D:4)
  2 bullfrog zombies (D:5)
  A centaur skeleton (D:5)
  2 hounds (D:4)
  Crazy Yiuf (D:2)
  2 orc priests (D:5)
  An iguana (D:3)
  2 orc wizards
  2 scorpion zombies (D:5)
  A killer bee zombie (D:5)
  A hound zombie (D:5)
  A howler monkey skeleton (D:5)
  3 gnolls (D:4)
  7 adders
  2 ufetubi (D:5)
  A worm (D:4)
  19 orcs
  3 bats
  5 endoplasms
  4 giant cockroaches
  9 goblins
  6 hobgoblins
  6 jackals
  8 quokkas
  5 ball pythons
  3 frilled lizards
  9 kobolds
  8 rats
128 creatures vanquished.

Vanquished Creatures (others)
  A fungus (D:2)
  3 plants (D:3)
  8 withered plants (D:5)
12 creatures vanquished.

Grand Total: 140 creatures vanquished

Notes
Turn   | Place    | Note
-------+----------+-------------------------------------------
     0 | D:1      | Hubjo the Vampire Enchanter began the quest for the Orb.
     0 | D:1      | Reached XP level 1. HP: 13/13 MP: 3/3
   153 | D:1      | Found Cassouch's Magic Scroll Boutique.
   375 | D:1      | Reached XP level 2. HP: 20/20 MP: 5/5
   462 | D:1      | Reached skill level 5 in Stealth
   769 | D:1      | Reached skill level 1 in Fighting
  1053 | D:2      | Gained mutation: You are afflicted with vampirism and can
                  | become a bat while bloodless. [Vampire growth]
  1053 | D:2      | Reached XP level 3. HP: 20/26 MP: 6/6
  1294 | D:2      | Identified the +2 robe "Seicel" {rCorr Str-2 Int+2 Slay+2}
  1399 | D:2      | Noticed Sigmund
  1407 | D:2      | Killed Sigmund
  1408 | D:2      | Reached skill level 6 in Stealth
  1408 | D:2      | Reached skill level 5 in Hexes
  1408 | D:2      | Reached XP level 4. HP: 34/34 MP: 7/7
  1408 | D:2      | Reached XP level 5. HP: 39/39 MP: 8/8
  1712 | D:2      | Found a runed translucent door.
  1713 | D:2      | Noticed Crazy Yiuf
  1725 | D:2      | Killed Crazy Yiuf
  1835 | D:3      | Found a faded altar of an unknown god.
  1847 | D:3      | Reached XP level 6. HP: 46/46 MP: 9/9
  1922 | D:3      | Reached skill level 7 in Stealth
  3056 | D:3      | Prayed at the altar of an unknown god.
  3056 | D:3      | Became a worshipper of Warmaster Okawaru
  3056 | D:3      | Reached * piety under Okawaru
  3238 | D:3      | Learned a level 3 spell: Dazzling Flash
  3492 | D:4      | Reached XP level 7. HP: 40/52 MP: 10/10
  3711 | D:4      | Reached skill level 8 in Stealth
  3956 | D:4      | Found a staircase to the Ecumenical Temple.
  4187 | D:5      | Entered Level 5 of the Dungeon
  4774 | D:5      | Reached ** piety under Okawaru
  5033 | D:5      | Reached skill level 9 in Stealth
  5039 | D:5      | Noticed a two-headed ogre
  5044 | D:5      | Reached XP level 8. HP: 61/61 MP: 11/11
  5413 | D:5      | Reached *** piety under Okawaru
  5422 | D:5      | Reached skill level 5 in Fighting
  5422 | D:5      | Reached skill level 5 in Dodging
  5422 | D:5      | Reached skill level 10 in Stealth
  5504 | D:5      | Learned a level 2 spell: Ensorcelled Hibernation
  5624 | Temple   | Entered the Ecumenical Temple
  5631 | Temple   | Fell from the grace of Okawaru
  5631 | Temple   | Became a worshipper of Nemelex Xobeh the Trickster
 10848 | D:5      | Noticed Blork the orc
 11098 | D:5      | Noticed a merfolk javelineer
 11098 | D:5      | Noticed a merfolk
 11098 | D:5      | Noticed a merfolk
 11098 | D:5      | Noticed a cyclops
 11102 | D:5      | Hit by a javelin thrown by a merfolk javelineer

Illustrated notes

Levels and vault maps discovered:
D:1:      dreamdust_arrival_sigmund_warning, layout_basic, serial_shops,
          nicolae_shop_hallway_stairs
D:2:      layout_rooms, amethyst_killhole, nicolae_elevator_lobby_plus,
          uniq_sigmund, uniq_crazy_yiuf_cottage
D:3:      cheibrodos_thug_alley, layout_basic,
          ebering_ecumenical_altar_sacrificial, serial_bayou_crossing
D:4:      layout_loops_ring, minmay_temple_entry_from_below_b
D:5:      minmay_clustersquares, layout_loops_ring, serial_undead,
          serial_undead_c, serial_undead_a, serial_undead_b, serial_undead_b,
          serial_undead_e, serial_undead_f, uniq_blork_the_orc
Temple:   dpeg_three_leaves_temple

Skill      XL: |  1  2  3  4  5  6  7  8 |
---------------+-------------------------+-----
Stealth        | 5 6 7 9 10 | 10.5
Fighting       | 1 2 3 4 5 |  5.3
Short Blades   | 2 3 4 |  4.6
Dodging        | 3 4 5 |  5.2
Hexes          | 5 6 7 |  7.4
Spellcasting   | |  2.0

Action                   |  1- 3 |  4- 6 |  7- 9 || total
-------------------------+-------+-------+-------++-------
Melee: Dagger            |   123 |   200 |   264 ||   587
       Bite              |    16 |    23 |    43 ||    82
       Punch             |       |     2 |     3 ||     5
 Cast: Ensorcelled Hiber |       |       |     2 ||     2
       Dazzling Flash    |       |       |     1 ||     1
Invok: Heroism           |       |       |     2 ||     2
  Use: Potion            |     2 |     6 |     3 ||    11
       Scroll            |     1 |     5 |     6 ||    12
 Stab: Sleeping          |     8 |     4 |     8 ||    20
       Distracted        |       |     1 |     1 ||     2
       Invisible         |       |     1 |       ||     1
Armor: Robe              |    37 |    39 |    76 ||   152
Dodge: Dodged            |   105 |   143 |   169 ||   417

Table legend: (Time is in decaauts)
 A = Elapsed time spent in this place.
 B = Non-inter-level travel time spent in this place.
 C = Inter-level travel time spent in this place.
 D = Time resting spent in this place.
 E = Time spent auto-exploring this place.
 F = Levels seen in this place.
 G = Mean time per level.
                   A        B        C        D        E       F      G
               +--------+--------+--------+--------+--------+-----+--------+
         Total |  10997 |  10516 |    481 |   5910 |   2903 |   6 | 1832.8 |
       Dungeon |  10971 |  10490 |    481 |   5910 |   2903 |   5 | 2194.2 |
        Temple |     25 |     25 |      0 |      0 |      0 |   1 |   25.0 |
               +--------+--------+--------+--------+--------+-----+--------+

Top non-repeatable levels by time:
     D:4: 5991 daAuts
     D:5: 1789 daAuts
     D:3: 1390 daAuts
     D:1: 1019 daAuts
     D:2: 780 daAuts
  Temple: 25 daAuts
